Map: Hecate LE

Players

Vindicta - Winner!

  • Race: Terran Terran
  • League: Master
  • Spawn Location: 1:00

ZergOP

  • Race: Zerg Zerg
  • League: Grandmaster
  • Spawn Location: 7:00

VOD

Have the link to the VOD?

Description

Time

  • Played on: Oct. 3, 2023, 8:32 p.m.
  • Length: 13:35
Show
View Real Time Build Order
Export as new Build Order

Vindicta Terran - Winner!

Build Orders: Reaper Expand 

Get SALT Encoding   

  12  0:02  SCV  
  13  0:14  SCV  
  13  0:19  Supply Depot  
  14  0:26  SCV  
  15  0:40  SCV  
  15  0:42  Barracks  
  16  0:44  Refinery  
  16  0:53  SCV  
  17  1:05  SCV  
  18  1:17  SCV  
  19  1:30  Orbital Command  
  19  1:32  Reaper  
  20  1:42  Command Center  
  20  1:51  Supply Depot  
  20  1:56  SCV  
  21  2:04  Marine  
  21  2:08  SCV  
  23  2:12  Factory  
  23  2:20  SCV  
  23  2:22  Barracks Reactor  
  24  2:32  SCV  
  25  2:44  SCV  
  25  2:48  Command Center  
  26  2:54  Orbital Command  
  26  3:01  SCV  
  27  3:06  Cyclone, Barracks Tech Lab  
  27  3:09  Cyclone  
  31  3:13  SCV  
  32  3:22  SCV  
  32  3:25  SCV  
  34  3:34  SCV  
  35  3:37  SCV  
  35  3:39  Hellion  
  40  3:41  Hellion  
  40  3:46  Stimpack, SCV  
  41  3:49  SCV  
  41  3:52  Barracks  
  41  3:54  Refinery  
  41  3:55  Barracks  
  42  3:58  SCV  
  42  4:00  Hellion  
  42  4:01  SCV  
  48  4:02  Hellion  
  49  4:10  SCV  
  49  4:13  Orbital Command, SCV  
  50  4:22  SCV  
  51  4:24  Refinery  
  51  4:26  SCV  
  51  4:27  Refinery  
  51  4:28  Hellion x2  
  56  4:31  Marine  
  56  4:34  SCV  
  56  4:38  SCV  
  59  4:39  SCV  
  59  4:44  Starport  
  60  4:46  Orbital Command, SCV  
  60  4:49  Barracks Reactor  
  61  5:04  Factory Tech Lab, Engineering Bay  
  61  5:05  Supply Depot, Engineering Bay  
  61  5:06  Supply Depot  
  61  5:10  SCV x2, Marine x3  
  66  5:17  SCV  
  67  5:22  SCV x2  
  67  5:25  Starport Reactor  
  67  5:27  Siege Tank, Marine  
  67  5:28  Marine  
  74  5:29  SCV  
  74  5:31  Combat Shield, Supply Depot, Marine  
  74  5:32  Barracks  
  74  5:34  SCV x2  
  78  5:35  Barracks  
  78  5:36  Terran Infantry Weapons Level 1, Terran Infantry Armor Level 1  
  80  5:44  Marine  
  80  5:45  Marine  
  80  5:46  SCV x2  
  80  5:49  Supply Depot  
  84  5:54  SCV, Supply Depot  
  85  5:59  Siege Tank, SCV x2  
  85  6:03  Supply Depot  
  89  6:05  Supply Depot  
  89  6:06  Supply Depot  
  89  6:07  Medivac x2  
  89  6:09  SCV  
  89  6:11  SCV  
  94  6:12  Marine  
  94  6:14  Marine  
  94  6:15  Marine  
  94  6:16  Marine  
  94  6:18  SCV  
  99  6:21  Barracks Reactor  
  99  6:22  Barracks Reactor  
  99  6:24  SCV  
  102  6:30  Marine, SCV x2  
  104  6:33  Marine  
  104  6:35  Armory  
  104  6:36  Marine x3, SCV  
  108  6:42  SCV  
  108  6:44  SCV  
  108  6:45  Refinery  
  110  6:47  Siege Tank  
  110  6:48  Marine, SCV  
  110  6:50  Factory  
  110  6:53  Medivac  
  117  6:58  SCV x2  
  117  6:59  Marine x2  
  117  7:00  Marine  
  122  7:02  Supply Depot, Marine x3  
  125  7:11  Marine  
  118  7:17  Marine x2  
  118  7:18  SCV, Marine  
  118  7:21  Siege Tank  
  124  7:26  Command Center, Marine x2  
  124  7:28  Marine x2  
  124  7:29  Marine  
  128  7:31  Barracks Reactor  
  128  7:32  Terran Infantry Weapons Level 2  
  128  7:34  Terran Infantry Armor Level 2  
  128  7:35  Marine  
  128  7:38  Supply Depot  
  128  7:39  Marine x2, Supply Depot  
  121  7:44  Marine  
  121  7:48  Marine  
  121  7:49  Liberator  
  122  7:51  Marine x2  
  122  7:52  Marine  
  122  7:53  Marine, Refinery  
  122  7:54  Liberator  
  129  8:03  Siege Tank  
  132  8:07  SCV  
  132  8:08  Marine  
  132  8:10  Marine  
  132  8:12  Supply Depot  
  133  8:13  Barracks, Marine x2  
  133  8:14  Barracks x2, Siege Tank  
  133  8:17  Marine x3  
  133  8:18  Marine  
  133  8:19  SCV  
  143  8:20  Marine  
  143  8:21  SCV x2  
  146  8:31  SCV  
  146  8:32  Medivac  
  148  8:34  Marine x4  
  148  8:35  Marine x2  
  148  8:38  Marine x2  
  156  8:41  Supply Depot  
  156  8:42  Supply Depot  
  156  8:48  Siege Tank  
  144  8:56  Liberator  
  144  8:57  Marine, SCV  
  144  8:58  Siege Tank  
  144  9:00  SCV  
  144  9:01  SCV  
  144  9:02  Planetary Fortress  
  146  9:09  Marine, SCV  
  140  9:10  Barracks Tech Lab  
  140  9:13  SCV x2  
  140  9:14  Liberator  
  140  9:15  Marine x2, Refinery  
  140  9:16  Refinery  
  129  9:17  Marine  
  129  9:18  Barracks Tech Lab  
  129  9:20  Siege Tank  
  129  9:23  Marine  
  127  9:25  Marine x2  
  127  9:26  Marine x2  
  127  9:27  Marine  
  127  9:29  Marauder  
  127  9:30  Siege Tank  
  137  9:37  Terran Vehicle Weapons Level 1, Marine, Ghost Academy  
  137  9:38  Marine x2  
  137  9:40  Marine  
  137  9:41  Marauder  
  137  9:42  Marine  
  137  9:44  Marine x2  
  137  9:45  Barracks Tech Lab, Concussive Shells  
  143  9:47  Marine x2  
  143  9:51  Sensor Tower  
  143  9:52  Marine  
  146  10:02  Terran Infantry Weapons Level 3, Command Center  
  146  10:03  Marine  
  146  10:04  Marine  
  148  10:07  Medivac x2  
  152  10:14  Marauder  
  152  10:17  Siege Tank  
  157  10:23  Marauder  
  157  10:24  Command Center, Supply Depot  
  157  10:25  Marine x3  
  157  10:28  Marauder  
  161  10:33  Marine  
  162  10:36  Marauder  
  162  10:37  Terran Infantry Armor Level 3  
  162  10:40  Medivac  
  162  10:41  Medivac  
  165  10:49  Marine  
  163  10:50  Marine  
  163  10:53  Siege Tank  
  163  10:56  Siege Tank  
  171  10:57  Marauder  
  171  10:58  Marine x2  
  171  10:59  Marine x4  
  177  11:04  Marine  
  177  11:06  Marine x2  
  177  11:08  SCV  
  177  11:10  Medivac, Marauder, Marine x2  
  187  11:11  Medivac  
  187  11:15  Marine  
  190  11:19  Marauder  
  190  11:23  Sensor Tower  
  190  11:24  Marauder  
  190  11:25  Siege Tank  
  195  11:31  Ghost  
  188  11:32  SCV  
  188  11:33  SCV  
  188  11:39  Marine x2  
  185  11:40  Medivac, Marauder  
  185  11:42  Siege Tank  
  185  11:45  Marine  
  185  11:46  Marine, Marauder  
  190  11:51  Marine  
  190  11:52  Marine x2  
  190  11:53  SCV  
  180  11:56  Marine x3  
  180  11:57  Medivac  
  180  11:58  Marine  
  180  11:59  Marine  
  180  12:00  Marauder  
  170  12:01  Marauder  
  170  12:02  SCV  
  170  12:03  Marine, SCV  
  170  12:06  Siege Tank  
  170  12:07  Marine, SCV x2  
  172  12:10  Planetary Fortress  
  172  12:13  Orbital Command  
  172  12:14  Marine x2  
  161  12:17  Marine  
  161  12:18  SCV  
  161  12:20  Marine  
  161  12:22  Marine x3  
  150  12:23  Marine  
  150  12:24  Marauder  
  150  12:25  SCV  
  150  12:27  Marine  
  150  12:28  Marine  
  150  12:31  Marine  
  150  12:33  SCV x2  
  150  12:36  Marine x3  
  150  12:37  Marine  
  150  12:38  Marine, SCV  
  150  12:39  Medivac  
  150  12:40  Marine x3  
  150  12:41  Marine  
  150  12:44  Medivac  
  154  12:46  Siege Tank  
  154  12:47  Marine  
  154  12:48  Marine  
  154  12:49  Marine  
  154  12:50  Marine  
  160  12:53  Marine  
  160  12:54  Marine x2  
  160  12:55  Marine  
  160  12:56  Marine  
  160  12:57  Marine  
  160  12:58  Marine  
  167  12:59  Siege Tank  
  167  13:04  Marine x2  
  169  13:06  Marine  
  169  13:07  Marine  
  169  13:08  Marine  
  169  13:09  Marine  
  169  13:11  Marine  
  169  13:12  Marine x2  
  175  13:13  Marine  
  175  13:14  Marine, Refinery  
  175  13:15  Refinery  
Show
View Real Time Build Order
Export as new Build Order

ZergOP Zerg 

Build Orders: Hatch First 

Get SALT Encoding   

  12  0:00  Drone  
  13  0:12  Overlord  
  13  0:16  Drone  
  14  0:30  Drone x2  
  16  0:46  Hatchery  
  15  0:50  Drone  
  15  0:54  Drone  
  17  0:57  Drone  
  18  1:08  Extractor  
  17  1:13  Spawning Pool  
  17  1:15  Drone  
  17  1:19  Drone  
  18  1:28  Drone  
  19  1:38  Drone  
  20  1:57  Overlord  
  20  1:59  Queen x2  
  20  2:01  Zergling x4  
  26  2:09  Drone  
  26  2:10  Drone  
  26  2:14  Metabolic Boost  
  28  2:20  Drone  
  28  2:22  Drone  
  30  2:35  Queen  
  30  2:36  Drone  
  33  2:40  Overlord  
  33  2:42  Drone  
  33  2:44  Drone  
  35  2:54  Hatchery  
  35  2:56  Drone x2  
  36  3:04  Overlord  
  36  3:05  Drone  
  36  3:10  Drone x4  
  41  3:16  Queen  
  43  3:21  Queen  
  43  3:24  Overlord  
  46  3:27  Drone  
  46  3:28  Drone  
  47  3:36  Drone x3  
  50  3:45  Overlord x2  
  50  3:46  Zergling x6  
  50  3:47  Drone  
  50  3:48  Drone  
  55  3:52  Queen  
  57  3:58  Queen  
  57  4:01  Overlord  
  59  4:04  Drone x2  
  61  4:16  Drone x4  
  65  4:17  Overlord  
  65  4:23  Drone, Queen  
  68  4:27  Drone, Roach Warren  
  68  4:33  Lair  
  68  4:34  Queen  
  70  4:41  Overlord x2  
  70  4:44  Overlord  
  72  4:45  Drone x2  
  72  4:49  Drone x3  
  74  4:58  Drone x7  
  81  5:08  Hatchery  
  80  5:15  Drone x7  
  80  5:18  Extractor  
  80  5:19  Extractor x2, Evolution Chamber  
  83  5:23  Zergling x8  
  87  5:31  Zergling x10  
  92  5:35  Glial Reconstitution  
  92  5:44  Extractor  
  92  5:45  Extractor, Zerg Missile Weapons Level 1  
  92  5:47  Drone x5  
  95  5:55  Overlord x7  
  95  6:08  Infestation Pit  
  95  6:09  Evolution Chamber  
  95  6:10  Drone x3  
  96  6:12  Drone  
  96  6:13  Drone  
  96  6:14  Drone  
  99  6:19  Drone  
  99  6:20  Drone x3  
  99  6:21  Queen  
  99  6:23  Overlord x2  
  99  6:25  Roach x3  
  111  6:29  Roach x3  
  117  6:37  Overlord  
  117  6:38  Roach x3  
  117  6:39  Zerg Ground Armor Level 1  
  123  6:44  Roach x3  
  129  6:48  Hive  
  129  6:52  Drone x5  
  133  6:54  Extractor  
  133  6:55  Extractor  
  133  6:57  Infestor  
  133  7:03  Drone x2  
  133  7:04  Drone  
  136  7:12  Zergling x8, Roach x3  
  127  7:17  Roach x6  
  127  7:20  Roach  
  129  7:28  Roach x4  
  129  7:29  Roach x2  
  139  7:32  Infestor  
  138  7:48  Drone  
  138  7:49  Drone x2  
  138  7:51  Spore Crawler  
  140  7:53  Extractor  
  140  7:56  Zerg Melee Weapons Level 1  
  140  7:57  Infestor x3  
  140  7:58  Zergling x6  
  146  8:03  Zergling x10  
  147  8:12  Zergling x6, Infestor  
  151  8:15  Hatchery  
  151  8:17  Infestor  
  151  8:18  Zergling x4  
  152  8:23  Zergling x6  
  154  8:30  Infestor x2  
  154  8:31  Zergling x2  
  154  8:33  Hatchery  
  158  8:39  Zergling x2  
  158  8:40  Zergling x20  
  167  8:47  Zerg Ground Armor Level 2  
  158  8:54  Queen  
  154  8:57  Hydralisk Den  
  154  8:59  Infestor  
  154  9:00  Zergling x14  
  154  9:01  Spore Crawler  
  154  9:02  Spore Crawler  
  147  9:06  Zergling x12, Infestor  
  148  9:13  Zergling x8  
  148  9:14  Zergling x12  
  124  9:33  Grooved Spines  
  124  9:34  Infestor x3  
  124  9:38  Drone x3  
  133  9:40  Queen  
  133  9:41  Extractor, Queen  
  133  9:42  Drone x3  
  139  9:46  Zergling x2, Hydralisk x4  
  139  9:47  Zergling x4  
  139  9:52  Zergling x12  
  156  10:09  Zerg Melee Weapons Level 2  
  156  10:10  Adrenal Glands  
  156  10:13  Overlord x2  
  156  10:17  Hydralisk x2  
  156  10:18  Zergling x2  
  160  10:23  Muscular Augments  
  160  10:26  Hatchery  
  160  10:28  Drone x6  
  155  10:42  Hydralisk x2  
  155  10:43  Hydralisk x3  
  164  10:55  Hydralisk x5  
  174  11:00  Drone x2  
  176  11:06  Hydralisk x2  
  176  11:07  Spore Crawler x2  
  176  11:09  Spore Crawler  
  177  11:28  Infestor x5  
  177  11:36  Zergling x2, Infestor  
  177  11:37  Zergling x12  
  178  11:50  Zergling x2, Infestor x2  
  178  11:51  Zergling x32  
  185  12:00  Zergling x18  
  180  12:08  Hydralisk x5  
  162  12:09  Zergling x2  
  155  12:16  Hydralisk x4  
  148  12:23  Hydralisk x2  
  148  12:24  Hydralisk x2  
  148  12:29  Zergling x8  
  149  12:35  Zergling x10  
  149  12:36  Zergling x2  
  146  12:41  Hydralisk x3  
  135  12:50  Hydralisk x4  
  135  12:56  Infestor x2  
  133  12:58  Infestor  
  131  13:09  Zergling x6  
  131  13:10  Zergling x6  
  121  13:14  Zergling x2  
Tags
 
Add a new tag
Caveats
  • Supply blocks, unpowered buildings, or Contaminate may cause inaccurate times.
  • Supply counts are checked every 10 seconds.